 Dungeon Crawl Stone Soup version 0.23.2-40-g277498a001 (webtiles) character file.

Game seed: 7163809730209851509

22119 KamiKatze the Impaler (level 12, 0/102 HPs)
             Began as a Merfolk Berserker on Oct 17, 2019.
             Was a High Priest of Trog.
             Slain by a seven-headed hydra (9 damage)
             ... on level 2 of the Lair of Beasts on Oct 18, 2019.
             The game lasted 00:54:21 (12592 turns).

KamiKatze the Impaler (Merfolk Berserker)          Turns: 12592, Time: 00:54:21

Health: 0/102      AC: 15    Str: 23    XL:     12   Next: 97%
Magic:  13/13      EV: 21    Int:  6    God:    Trog [*****.]
Gold:   810        SH:  0    Dex: 19    Spells: 11/11 levels left

rFire    + + .     SeeInvis .   a - +1 demon trident (flame)
rCold    . . .     Gourm    .   (no shield)
rNeg     . . .     Faith    .   W - +1 ring mail {rF+}
rPois    .         Spirit   .   (no helmet)
rElec    .         Reflect  .   y - +0 cloak {rF+}
rCorr    +         Harm     .   l - +0 pair of gloves
MR       .....                  r - +1 pair of boots
Stlth    +.........             (no amulet)
HPRegen  0.27/turn              n - +3 ring of protection
MPRegen  0.13/turn              X - ring "Ceitiyge" {rCorr Dex+6}

@: no status effects
A: change form in water, swift swim, stealthy swim
a: Berserk, Trog's Hand, Brothers in Arms, Renounce Religion


You were on level 2 of the Lair of Beasts.
You worshipped Trog.
Trog was extremely pleased with you.
You were not hungry.

You visited 3 branches of the dungeon, and saw 14 of its levels.
You also visited: Volcano.

You collected 810 gold pieces.

Inventory:

Hand Weapons
 a - a +1 demon trident of flaming (weapon)
 b - a +1 trident of protection
 w - the +1 trident of Mayhem {freeze, Dex+3}
   (You found it on level 8 of the Dungeon)

   It has been specially enchanted to freeze those struck by it, causing extra
   injury to most foes and up to half again as much damage against particularly
   susceptible opponents.
   It can also slow down cold-blooded creatures.
   It affects your dexterity (+3).
Missiles
 x - 6 javelins
 D - 2 tomahawks (quivered)
 G - a tomahawk of returning
Armour
 l - a +0 pair of gloves (worn)
 r - a +1 pair of boots (worn)
 y - a +0 cloak of fire resistance (worn)
 N - a +0 scale mail
 W - a +1 ring mail of fire resistance (worn)
 Z - a +0 chain mail of fire resistance
Jewellery
 n - a +3 ring of protection (left hand)
 U - an uncursed ring of protection from fire
 X - the ring "Ceitiyge" (right hand) {rCorr Dex+6}
   (You found it in a volcano)

   [ring of resist corrosion]

   It affects your dexterity (+6).
Wands
 d - a wand of disintegration (21)
 g - a wand of scattershot (3)
 s - a wand of random effects (13)
 z - a wand of iceblast (5)
Scrolls
 j - a scroll of fog
 A - 7 scrolls of teleportation
 B - 2 scrolls of magic mapping
 J - 3 scrolls of remove curse
 O - 2 scrolls of fear
Potions
 e - 2 potions of lignification
 h - a potion of brilliance {unknown}
 i - 4 potions of haste
 k - 3 potions of might
 m - a potion of invisibility {unknown}
 o - 4 potions of cancellation
 p - 2 potions of agility
 q - a potion of degeneration {unknown}
 t - 3 potions of curing
 v - 2 potions of heal wounds
 I - 3 potions of flight
 M - a potion of resistance {unknown}
 Y - a potion of berserk rage {unknown}
Comestibles
 c - 26 rations
 f - 6 chunks of flesh


   Skills:
 + Level 12.2 Fighting
 - Level 16.0 Polearms
 + Level 7.8 Armour
 + Level 12.9 Dodging
 - Level 2.0 Evocations


You had 11 spell levels left.
You didn't know any spells.
Your spell library was empty.

Dungeon Overview and Level Annotations

Branches:
Dungeon (11/15)            Temple (1/1) D:7            Lair (2/6) D:10
    Orc (0/2) D:9
  Swamp: Lair:2-4    Shoals: Lair:2-4     Snake: Lair:2-4    Spider: Lair:2-4

Altars:
Ashenzari
Cheibriados
Dithmenos
Elyvilon
Fedhas
Gozag
Hepliaklqana
Kikubaaqudgha
Makhleb
Nemelex Xobeh
Okawaru
Qazlal
Ru
Sif Muna
Trog
Uskayaw
Vehumet
Wu Jian
Xom
Yredelemnul
Zin
The Shining One

Annotations:
D:3 3 runed translucent doors, sydd's ghost, weakling GnWr
D:4 1 runed translucent door, grouchysmurf's ghost, amateur HaHu
D:9 exclusions: electric eel and 2 more exclusions
Lair:2 Urug


Message History

The seven-headed hydra is severely wounded.
You puncture the seven-headed hydra! You burn the seven-headed hydra.
The seven-headed hydra is almost dead.
The seven-headed hydra bites you! The seven-headed hydra misses you. x2
The seven-headed hydra bites you!
The seven-headed hydra completely misses you.
The seven-headed hydra barely misses you.
The seven-headed hydra bites you!
You are too injured to fight recklessly!
You are too injured to fight recklessly!
You hit the seven-headed hydra. You burn the seven-headed hydra.
The seven-headed hydra is almost dead.
The seven-headed hydra bites you!
* * * LOW HITPOINT WARNING * * *
The seven-headed hydra bites you!
* * * LOW HITPOINT WARNING * * *
The seven-headed hydra misses you. The seven-headed hydra bites you!
* * * LOW HITPOINT WARNING * * *
The seven-headed hydra bites you!
You die...

#............#..#....#......
....................##......
#..............#...#..##.# #
##............#...#.... #
..#...........(###...#...#
.........###..####..##....
..........##....#.........
.##...#.######..#......#..
#......## #.@D...P##
###.....## ##..#...##
#.....#.# #...##.##
##.....####.### #.#
#..#.#.รท.#.## ...
..####......# ..# ..#
###....# ..# #P #....## ###
....###


You could see a seven-headed hydra.

Vanquished Creatures
  A dancing weapon (Volcano)
  2 two-headed ogres
  An unseen horror (D:9)
  5 wizards (Volcano)
  An ugly thing (D:11)
  A deep elf mage (D:9)
  A manticore (D:11)
  5 toenail golems (Volcano)
  2 spiny frogs
  A centaur skeleton (D:10)
  2 komodo dragons
  A troll (D:10)
  Prince Ribbit (D:6)
  8 blink frogs
  5 hippogriffs
  A spriggan (D:7)
  A yak (D:9)
  2 wyverns
  A wraith (D:11)
  3 fire bats (Lair:1)
  5 vampire mosquitoes (Lair:1)
  An insubstantial wisp (Lair:1)
  2 water moccasins
  2 porcupines
  A black bear (D:5)
  8 ice beasts
  7 orc warriors
  2 swamp drakes (Lair:1)
  5 sky beasts
  2 necrophages
  3 ogres
  2 phantoms
  11 centaurs
  5 crocodiles
  3 big kobolds
  16 bullfrogs
  A wyvern skeleton (D:9)
  A scorpion (D:4)
  A water moccasin skeleton (D:10)
  4 killer bees
  4 wights (D:9)
  3 howler monkeys
  5 crimson imps
  A quasit (D:9)
  A centaur zombie (D:7)
  2 bullfrog zombies
  4 bullfrog skeletons
  5 hounds
  7 orc priests
  19 orc wizards
  A gnoll shaman (D:5)
  5 iguanas
  12 worker ants
  2 hound skeletons
  A howler monkey skeleton (D:3)
  A howler monkey zombie (D:6)
  4 gnolls (D:5)
  11 adders
  A shadow imp (D:6)
  An adder zombie (D:5)
  An adder skeleton (D:5)
  3 worms
  3 dart slugs
  10 leopard geckos
  53 orcs
  10 giant cockroaches
  12 goblins
  7 hobgoblins
  14 kobolds
  4 quokkas
  A ball python (D:5)
  10 bats
  4 frilled lizards
  A jackal skeleton (D:4)
  A jackal zombie (D:7)
  A leopard gecko skeleton (D:7)
  A quokka skeleton (D:5)
  3 quokka zombies
  7 rats
  A fungus (Lair:1)
364 creatures vanquished.

Vanquished Creatures (others)
  2 blink frogs (Lair:1)
  8 plants
10 creatures vanquished.

Grand Total: 374 creatures vanquished

Notes
Turn   | Place    | Note
-------+----------+-------------------------------------------
     0 | D:1      | KamiKatze the Merfolk Berserker began the quest for the
                  | Orb.
     0 | D:1      | Reached XP level 1. HP: 18/18 MP: 1/1
    73 | D:1      | Reached skill level 5 in Polearms
    73 | D:1      | Reached XP level 2. HP: 21/24 MP: 2/2
   289 | D:1      | Reached ** piety under Trog
   307 | D:1      | Reached XP level 3. HP: 23/30 MP: 3/3
   518 | D:2      | Reached skill level 6 in Polearms
   848 | D:2      | Reached XP level 4. HP: 37/37 MP: 4/4
  1072 | D:2      | Found a deep blue altar of Sif Muna.
  1385 | D:3      | Found a runed translucent gate.
  1385 | D:3      | Found a runed translucent gate.
  1385 | D:3      | Found a runed translucent gate.
  1416 | D:3      | Reached *** piety under Trog
  1443 | D:3      | Noticed sydd's ghost (weakling GnWr)
  1465 | D:3      | Reached skill level 7 in Polearms
  1531 | D:3      | Reached XP level 5. HP: 14/43 MP: 5/5
  1916 | D:3      | Found a sacrificial altar of Ru.
  1957 | D:3      | Reached skill level 8 in Polearms
  1957 | D:3      | Reached XP level 6. HP: 33/50 MP: 6/6
  2315 | D:4      | Reached skill level 5 in Fighting
  2416 | D:4      | Noticed a phantom
  2448 | D:4      | Found a runed translucent door.
  2499 | D:4      | Killed a phantom
  2499 | D:4      | Reached skill level 9 in Polearms
  2499 | D:4      | Reached XP level 7. HP: 13/56 MP: 7/7
  2567 | D:4      | Noticed grouchysmurf's ghost (amateur HaHu)
  3053 | D:5      | Entered Level 5 of the Dungeon
  3338 | D:5      | Reached skill level 10 in Polearms
  3403 | D:5      | Reached **** piety under Trog
  3624 | D:5      | Reached XP level 8. HP: 36/64 MP: 8/8
  3921 | D:6      | Noticed Prince Ribbit
  3937 | D:6      | Killed Prince Ribbit
  3937 | D:6      | Reached skill level 11 in Polearms
  4428 | D:6      | Found an ornate altar of the Wu Jian Council.
  4505 | D:6      | Reached skill level 5 in Dodging
  4610 | D:6      | Reached skill level 12 in Polearms
  4663 | D:6      | Reached XP level 9. HP: 37/72 MP: 9/9
  4699 | D:6      | Reached ***** piety under Trog
  5062 | D:7      | Found a staircase to the Ecumenical Temple.
  5109 | D:7      | Reached skill level 1 in Evocations
  5148 | Temple   | Entered the Ecumenical Temple
  5804 | D:7      | Reached skill level 13 in Polearms
  5881 | D:7      | Noticed a two-headed ogre
  5896 | D:7      | Killed a two-headed ogre
  5896 | D:7      | Reached XP level 10. HP: 80/80 MP: 11/11
  6001 | D:7      | Found an opulent altar of Gozag.
  6072 | D:7      | Received a gift from Trog
  6232 | D:8      | Reached skill level 14 in Polearms
  6660 | D:8      | Found a bloodstained altar of Trog.
  7170 | D:8      | Got a twisted trident
  7171 | D:8      | Identified the cursed +1 trident of Mayhem {freeze, Dex+3}
                  | (You found it on level 8 of the Dungeon)
  7773 | D:9      | Reached skill level 5 in Armour
  7834 | D:9      | Found a staircase to the Orcish Mines.
  7865 | D:9      | Killed an unseen horror
  7865 | D:9      | Reached XP level 11. HP: 24/89 MP: 12/12
  7885 | D:9      | Noticed a deep elf mage
  8790 | D:9      | Killed a deep elf mage
  8829 | D:9      | Received a gift from Trog
  8966 | D:10     | Entered Level 10 of the Dungeon
  9043 | D:10     | Reached skill level 10 in Fighting
  9067 | D:10     | Reached skill level 10 in Dodging
  9138 | D:10     | Found a staircase to the Lair.
  9302 | D:10     | Reached skill level 15 in Polearms
  9306 | D:10     | Received a gift from Trog
  9625 | D:11     | Noticed a purple ugly thing
  9677 | D:11     | Found the +8 frozen axe "Frostbite" {freezing cloud, *Noise
                  | +Fly rC+}
  9678 | D:11     | Found the +10 zealot's sword {holy, *Rage rN+ EV+3}
  9988 | D:11     | Noticed a manticore
 10000 | D:11     | Killed a manticore
 10025 | D:11     | Killed a purple ugly thing
 10088 | D:11     | Noticed a two-headed ogre
 10097 | D:11     | Killed a two-headed ogre
 10470 | Lair:1   | Entered Level 1 of the Lair of Beasts
 10608 | Lair:1   | Found a dark tunnel.
 10627 | Volcano  | Entered a volcano
 10642 | Volcano  | Noticed a wizard
 10657 | Volcano  | Killed a wizard
 10657 | Volcano  | Reached XP level 12. HP: 96/99 MP: 13/13
 10709 | Volcano  | Reached skill level 16 in Polearms
 10927 | Volcano  | Got a translucent steel ring
 11181 | Lair:1   | Identified the ring "Ceitiyge" {rCorr Dex+6} (You found it
                  | in a volcano)
 12279 | Lair:2   | Noticed Urug
 12585 | Lair:2   | Noticed a seven-headed hydra
 12592 | Lair:2   | Slain by a seven-headed hydra

Skill      XL: |  1  2  3  4  5  6  7  8  9 10 11 12 |
---------------+-------------------------------------+-----
Polearms       | 5 6 7 8 9 10 12 13 14 15 16 | 16.0
Fighting       | 4 5 6 7 8 9 10 12 | 12.2
Dodging        | 3 5 7 9 11 12 | 12.9
Armour         | 2 4 5 6 7 |  7.8
Evocations     | 2 |  2.0

Action                   |  1- 3 |  4- 6 |  7- 9 | 10-12 || total
-------------------------+-------+-------+-------+-------++-------
Melee: Spear             |   129 |   255 |   104 |       ||   488
       Trident           |       |       |   432 |   876 ||  1308
       Demon trident     |       |       |       |   164 ||   164
Throw: Stone             |     2 |     5 |       |       ||     7
       Tomahawk          |       |       |     1 |    16 ||    17
Invok: Berserk           |       |     2 |     5 |     5 ||    12
       Trog's Hand       |       |       |     4 |     7 ||    11
  Use: Scroll            |       |     2 |     5 |    17 ||    24
       Potion            |       |       |       |     3 ||     3
 Stab: Sleeping          |       |     2 |       |       ||     2
       Confused          |       |       |       |     2 ||     2
       Distracted        |       |       |       |     1 ||     1
  Eat: Chunk             |       |     6 |    18 |    31 ||    55
Armor: Animal skin       |     5 |       |       |       ||     5
       Leather armour    |    11 |    10 |       |       ||    21
       Ring mail         |       |    10 |   144 |    12 ||   166
       Scale mail        |       |       |    10 |   132 ||   142
       Troll leather arm |       |       |       |    45 ||    45
Dodge: Dodged            |    54 |    73 |   312 |   443 ||   882
